 Dungeon Crawl Stone Soup version 0.31-a0-1576-ga3383ba (webtiles) character file.

Game seed: 15504662690098548995

1938 sdynet the Mimic (level 9, -7/49 HPs)
             Began as a Vine Stalker Shapeshifter on Jan 4, 2024.
             Was a Follower of Wu Jian.
             Killed by an exploding killer bee (20 damage)
             ... ignited by their inner flame
             ... on level 7 of the Dungeon.
             The game lasted 00:21:25 (5365 turns).

sdynet the Mimic (Vine Stalker Shapeshifter)        Turns: 5365, Time: 00:21:25

Health: -7/49      AC:  3    Str: 22    XL:     9   Next: 18%
Magic:  0/10       EV: 16    Int: 10    God:    Wu Jian [*.....]
Gold:   36         SH:  0    Dex: 13    Spells: 8/8 levels left

rFire   . .          .
                       - Unarmed
rCold   . . .        (shield currently unavailable)
rNeg    . . .        B - melded +0 leather armour "Puejopho" {rN+ rCorr}
rPois   .            o - +1 helmet
rElec   .            (no cloak)
rCorr   +            (no gloves)
SInv    .            u - +0 pair of boots
Will    +....        w - amulet of the acrobat
Stlth   +            l - ring of resist corrosion
HPRegen 1.08/turn    (no ring)
MPRegen 0.12/turn

%: acrobat, guardian spirit
@: flux-form, glowing
A: glow, contaminating, fangs 3, regeneration 1, magic shield, antimagic bite,
no potion heal 2, mutation resistance 1
a: Begin Untransformation, Renounce Religion


You were on level 7 of the Dungeon.
You worshipped Wu Jian.
Wu Jian was aware of your devotion.
You were something dangerously unstable.
You visited 1 branch of the dungeon, and saw 7 of its levels.

You collected 235 gold pieces.
You spent 199 gold pieces at shops.

Inventory:

Hand Weapons
 a - a +6 dire flail of protection
 A - a +1 long sword of flaming
Missiles
 x - 3 throwing nets
 Z - 9 poisoned darts
Armour
 g - a +0 buckler
 i - a +0 chain mail
 o - a +1 helmet (worn)
 r - a +0 scale mail of cold resistance
 u - a +0 pair of boots (worn)
 y - a scarf of invisibility
 B - the +0 leather armour "Puejopho" (melded) {rN+ rCorr}
   (You found it on level 5 of the Dungeon)

   rN+:       It protects you from negative energy.
   rCorr:     It protects you from acid and corrosion.
 F - a +0 plate armour
Jewellery
 l - a ring of resist corrosion (left hand)
 w - an amulet of the acrobat (around neck)
Talismans
 c - a beast talisman
 d - a flux talisman (active)
Wands
 C - a wand of quicksilver (6)
 D - a wand of iceblast (2)
Scrolls
 e - a scroll of fog {!r}
 h - a scroll of fear {!r}
 j - a scroll of revelation {!r}
 k - 3 scrolls of vulnerability
 p - 2 scrolls of teleportation {!r}
 t - a scroll of amnesia {unknown}
 v - a scroll of immolation
 E - a scroll of summoning {unknown}
Potions
 b - a potion of lignification {!q}
 f - 2 potions of haste {!q}
 m - 4 potions of curing {!q}
 n - a potion of berserk rage {unknown}
 q - a potion of ambrosia {!q}
 s - a potion of brilliance {unknown}
 z - a potion of degeneration {unknown}


   Skills:
 + Level 6.9 Fighting
 - Level 2.0 Dodging
 - Level 2.0 Stealth
 - Level 3.0 Unarmed Combat
 + Level 8.5 Shapeshifting


You had 8 spell levels left.
You didn't know any spells.
Your spell library contained the following spells:

 Spells                   Type           Power      Damage    Failure   Level
 Call Canine Familiar     Summ           0%         N/A       75%         3
 Sigil of Binding         Hex            0%         N/A       75%         3
 Summon Ice Beast         Ice/Summ       0%         N/A       75%         3
 Dimensional Bullseye     Hex/Tloc       0%         N/A       98%         4
 Summon Mana Viper        Hex/Summ       0%         N/A       100%        5
 Monstrous Menagerie      Summ           0%         N/A       100%        7


Dungeon Overview and Level Annotations

Branches:
Dungeon (7/15)
 Temple: D:4-7

Altars:
Gozag
Makhleb
Trog
Wu Jian
Xom

Shops:
D:5 *??!*

Annotations:
D:3 굴착필요보물방


Innate Abilities, Weirdness & Mutations

You are something dangerously unstable.
You glow with magical radiation, making you easy to see and hit.
Foes you strike become dangerously contaminated with magical radiation.
You are incapable of wielding weapons or throwing items.
You have razor-sharp teeth.
Your natural rate of healing is unusually fast.
When hurt, damage is shared between your health and your magic reserves.
Your bite disrupts and absorbs the magic of your enemies.
Potions cannot restore your health.
You are somewhat resistant to further mutation.


Message History

The creatures around you are filled with an inner flame!
The killer bee buzzes angrily.
The orc priest looks encouraged for a moment.
Aiming: Iceblast
Press: ? - help, Shift-Dir - straight line The mass of ice explodes!
The iceblast engulfs the killer bee!
Flame seeps out of the killer bee.
The killer bee is severely wounded.
The iceblast engulfs the killer bee!
Flame seeps out of the killer bee.
The killer bee is severely wounded.
You hear an angry hiss.
The killer bee is engulfed in blazing flames.
Flame seeps out of the killer bee.
The killer bee is engulfed in blazing flames.
Flame seeps out of the killer bee.
A kobold comes into view. It is wielding a +0 whip.
A kobold comes into view. It is wielding a +0 dagger.
A steam dragon comes into view.
Aiming: Iceblast
Press: ? - help, Shift-Dir - straight line The mass of ice explodes!
The iceblast engulfs the kobold!
The Council accepts your kill.
The iceblast engulfs the orc!
The Council accepts your kill.
The kobold shouts!
The orc explodes!
The fiery explosion engulfs you!!!
Ouch! That really hurt!
* * * LOW HITPOINT WARNING * * *
The fiery explosion engulfs the killer bee!
The Council accepts your kill.
The fiery explosion engulfs the orc warrior!!
The Council accepts your kill.
The orc warrior explodes!
The fiery explosion engulfs the killer bee!!
The Council accepts your kill.
The killer bee explodes! x2
The fiery explosion engulfs you!!
You die...

...K#...K....
........#...
##..<.....o.o
##........oy..
.D...)§§§....
#...§§§○§○..
#...§§§§....
#...p§§§§...
##(.§§......
##<........
#........##.#
###.###...# #
#. ..... ..
###.#. ... ..
...


You could see a steam dragon, a killer bee (inner flame), an orc priest (inner
flame), 2 orcs and 2 kobolds.

Vanquished Creatures
  2 wyverns
  Edmund (D:6)
  An orc warrior (D:7)
  2 ice beasts
  An ogre (D:5)
  4 phantoms
  3 scorpions
  2 killer bees (D:7)
  2 jellies
  5 hounds
  An orc priest (D:2)
  A bombardier beetle (D:4)
  A sleepcap (D:6)
  Terence (D:3)
  2 iguanas
  Natasha (thrice) (D:3)
  2 orc wizards
  Robin (D:3)
  7 adders
  6 gnolls
  A white imp (D:6)
  2 ufetubi (D:6)
  2 ribbon worms (D:4)
  A dart slug (D:2)
  15 orcs
  8 ball pythons
  9 endoplasms
  2 giant cockroaches
  11 goblins
  19 hobgoblins
  14 jackals
  A quokka (D:2)
  8 bats
  3 frilled lizards
  8 kobolds
  7 rats
159 creatures vanquished.

Vanquished Creatures (others)
  A kobold (D:4)
1 creature vanquished.

Grand Total: 160 creatures vanquished

Notes
Turn   | Place    | Note
-------+----------+-------------------------------------------
     0 | D:1      | sdynet the Vine Stalker Shapeshifter began the quest for
                  | the Orb.
     0 | D:1      | Reached XP level 1. HP: 9/9 MP: 2/2
    88 | D:1      | Reached skill level 1 in Fighting
   212 | D:1      | Reached skill level 1 in Stealth
   221 | D:1      | Reached XP level 2. HP: 14/14 MP: 3/3
   509 | D:1      | Reached XP level 3. HP: 18/18 MP: 4/4
  1238 | D:2      | Reached XP level 4. HP: 23/23 MP: 5/5
  1501 | D:3      | Noticed Robin
  1646 | D:2      | Reached XP level 5. HP: 8/28 MP: 0/6
  1739 | D:3      | Noticed Terence
  1740 | D:3      | Gained mutation: You are frail. (-10% HP) [potion of
                  | mutation]
  1740 | D:3      | Gained mutation: You are partially covered in iridescent
                  | scales. (AC +2) [potion of mutation]
  1742 | D:3      | Lost mutation: You are frail. (-10% HP) [potion of
                  | mutation]
  1742 | D:3      | Lost mutation: You are partially covered in iridescent
                  | scales. (AC +2) [potion of mutation]
  1742 | D:3      | Gained mutation: You are frail. (-10% HP) [potion of
                  | mutation]
  1742 | D:3      | Gained mutation: You are covered in fur. (AC +1) [potion of
                  | mutation]
  1742 | D:3      | Gained mutation: You expend magic power (3 MP) to
                  | strengthen your wands. [potion of mutation]
  1742 | D:3      | Gained mutation: You are somewhat resistant to further
                  | mutation. [potion of mutation]
  1761 | D:3      | Killed Terence
  1762 | D:3      | Reached skill level 4 in Shapeshifting
  2054 | D:3      | Killed Robin
  2363 | D:3      | Noticed Natasha
  2367 | D:3      | Killed Natasha
  2368 | D:3      | Reached XP level 6. HP: 26/29 MP: 5/7
  2595 | D:3      | Noticed Natasha
  2612 | D:3      | Killed Natasha
  2661 | D:3      | Noticed Natasha
  2668 | D:3      | Killed Natasha
  2717 | D:4      | Reached XP level 7. HP: 20/34 MP: 3/8
  2774 | D:4      | Reached skill level 5 in Fighting
  2826 | D:4      | Found a bloodstained altar of Trog.
  2939 | D:4      | Reached skill level 5 in Shapeshifting
  3231 | D:5      | Entered Level 5 of the Dungeon
  3260 | D:5      | Noticed a wyvern
  3543 | D:5      | Gained mutation: You have razor-sharp teeth. [Vine Stalker
                  | growth]
  3543 | D:5      | Reached XP level 8. HP: 39/39 MP: 9/9
  3555 | D:5      | Identified the +0 leather armour "Puejopho" {rN+ rCorr}
  3590 | D:5      | Found Poarej Kola's General Store.
  3593 | D:5      | Found Anios's Magic Scroll Boutique.
  3599 | D:5      | Found Anwuron's Distillery.
  3601 | D:5      | Bought a scroll of noise for 14 gold pieces
  3610 | D:5      | Found Yloch's General Store.
  3613 | D:5      | Lost mutation: You are covered in fur. (AC +1) [potion of
                  | mutation]
  3613 | D:5      | Lost mutation: You are frail. (-10% HP) [potion of
                  | mutation]
  3613 | D:5      | Lost mutation: You expend magic power (3 MP) to strengthen
                  | your wands. [potion of mutation]
  3622 | D:5      | Found Jeoxu's Magic Scroll Emporium.
  3692 | D:5      | Bought a scroll of teleportation for 39 gold pieces
  3692 | D:5      | Bought a scroll of fear for 52 gold pieces
  3707 | D:5      | Bought a scroll of immolation for 52 gold pieces
  3713 | D:5      | Bought a potion of curing for 42 gold pieces
  3741 | D:5      | Found a shimmering altar of Xom.
  3845 | D:5      | Killed a wyvern
  3846 | D:5      | Reached skill level 6 in Shapeshifting
  4018 | D:5      | Found an ornate altar of the Wu Jian Council.
  4023 | D:5      | Noticed a spectral centipede
  4023 | D:5      | Noticed a spectral black mamba
  4024 | D:5      | Became a worshipper of the Wu Jian Council
  4087 | D:5      | Reached skill level 7 in Shapeshifting
  4245 | D:6      | Found a burning altar of Makhleb.
  4252 | D:6      | Noticed Edmund
  4261 | D:6      | Killed Edmund
  4442 | D:6      | Reached skill level 8 in Shapeshifting
  4534 | D:6      | Reached XP level 9. HP: 49/49 MP: 10/10
  4617 | D:6      | Reached * piety under Wu Jian
  5081 | D:6      | Found an opulent altar of Gozag.
  5365 | D:7      | Killed by an exploding killer bee... ignited by their inner
                  | flame

Illustrated notes

Levels and vault maps discovered:
D:1:      dpeg_arrival_connections, layout_basic
D:2:      layout_rooms, corexii_corridor_pit, kennysheep_boxes
D:3:      layout_basic, st_stairs_14, due_unseen_surprise, uniq_terence,
          uniq_natasha, uniq_robin
D:4:      layout_cave_pools, trog_hazing_becter, kennysheep_generic_room_5
D:5:      layout_basic, pdpol_wu_jian_five_deadly_venoms,
          mainiacjoe_overflow_surrounded_room,
          nicolae_shop_national_dungeon_mall
D:6:      layout_basic, mainiacjoe_overflow_alcove_1,
          mainiacjoe_overflow_catwalk, uniq_edmund
D:7:      layout_rooms, minmay_temple_entry_overgrown,
          hangedman_decor_clover_reticule

Skill      XL: |  1  2  3  4  5  6  7  8 |
---------------+-------------------------+-----
Fighting       | 1 2 3 4 6 |  6.9
Stealth        | 1 2 |  2.0
Shapeshifting  | 4 5 8 |  8.5
Dodging        | 2 |  2.0
Unarmed Combat | |  3.0

Action                     |  1- 3 |  4- 6 |  7- 9 || total
---------------------------+-------+-------+-------++-------
  Melee: Unarmed           |    99 |   190 |   131 ||   420
         Bite              |    24 |    49 |    52 ||   125
         Dire flail        |       |       |    53 ||    53
  Throw: Dart              |       |       |    25 ||    25
Ability: Lunge             |       |       |     8 ||     8
         Whirlwind         |       |       |     7 ||     7
  Evoke: Wand              |       |       |     2 ||     2
    Use: Scroll            |     1 |     4 |     4 ||     9
         Potion            |       |     3 |     4 ||     7
   Stab: Sleeping          |     7 |     4 |     1 ||    12
 Armour: Animal skin       |    27 |       |       ||    27
         Leather armour    |     9 |    96 |    66 ||   171
         Skin              |       |     8 |    21 ||    29
  Dodge: Dodged            |    45 |    84 |    93 ||   222
  Block: Buckler           |    10 |    22 |    19 ||    51
   Form: Flux              |       |       |     1 ||     1

Table legend: (Time is in decaauts)
 A = Elapsed time spent in this place.
 B = Non-inter-level travel time spent in this place.
 C = Inter-level travel time spent in this place.
 D = Time resting spent in this place.
 E = Time spent auto-exploring this place.
 F = Levels seen in this place.
 G = Mean time per level.
                   A        B        C        D        E       F      G
               +--------+--------+--------+--------+--------+-----+--------+
         Total |   5376 |   4848 |    528 |     86 |   3338 |   7 |  768.0 |
       Dungeon |   5376 |   4848 |    528 |     86 |   3338 |   7 |  768.0 |
               +--------+--------+--------+--------+--------+-----+--------+

Top non-repeatable levels by time:
     D:6: 1151 daAuts
     D:3: 1011 daAuts
     D:1: 954 daAuts
     D:5: 886 daAuts
     D:4: 708 daAuts
     D:2: 660 daAuts
     D:7: 4 daAuts
